 Dungeon Crawl Stone Soup version 0.17-a0-1479-g4041c36 (webtiles) character file.

144 Vlagh the Conjurer (level 5, 0/28 HPs)
             Began as a Deep Elf Conjurer on July 3, 2015.
             Succumbed to a kobold's poison
             ... on level 4 of the Dungeon.
             The game lasted 00:10:17 (4041 turns).

Vlagh the Conjurer (Deep Elf Conjurer)              Turns: 4041, Time: 00:10:17

Health: 0/28       AC:  3    Str:  4 (6)  XL:     5   Next: 5%
Magic:  7/14       EV: 13    Int: 20      God:
Gold:   178        SH:  0    Dex: 15      Spells: 4 memorised, 3 levels left

rFire  + . .     SeeInvis .     j - +3 hand axe (venom)
rCold  x . .     Clarity  .     a - +0 robe
rNeg   . . .     SustAt   .     (no shield)
rPois  .         Gourm    .     (no helmet)
rElec  .         Spirit   .     (no cloak)
rCorr  .         Warding  .     (no gloves)
rMut   .         Stasis   .     (no boots)
MR     .....                    (no amulet)
Stlth  ++........               t - +1 ring of protection
                                s - ring of fire

@: lethally poisoned (0 -> -11), flying, not resistant to hostile enchantments,
unstealthy
A: no striking features
a: no special abilities


You were on level 4 of the Dungeon.
You were not hungry.

You visited 1 branch of the dungeon, and saw 4 of its levels.

You collected 178 gold pieces.

Inventory:

Hand weapons
 g - a +0 dagger
 j - a +3 hand axe of venom (weapon)
Armour
 a - a +0 robe (worn)
Jewellery
 s - a ring of fire (left hand)
 t - a +1 ring of protection (right hand)
Scrolls
 e - a scroll of enchant armour {unknown}
 h - a scroll of amnesia {unknown}
 m - a scroll of blinking {unknown}
 o - a scroll of fog {unknown}
Books
 b - a book of Conjurations

   Spells                             Type                      Level
   a - Magic Dart                     Conjuration                  1
   b - Searing Ray                    Conjuration                  2
   c - Dazzling Spray                 Conjuration/Hexes            3
   d - Fulminant Prism                Conjuration/Hexes            4
   e - Iskenderun's Mystic Blast      Conjuration                  4
   f - Iskenderun's Battlesphere      Conjuration/Charms           5
Comestibles
 c - 2 bread rations
 f - a meat ration
 k - 2 beef jerkies
 l - a slice of pizza


   Skills:
 - Level 2.4 Dodging
 - Level 2.4 Stealth
 + Level 4.7 Spellcasting
 * Level 6.2 Conjurations


You had 3 spell levels left.
You knew the following spells:

 Your Spells              Type           Power        Failure   Level  Hunger
a - Magic Dart            Conj           ####         1%          1    None
b - Searing Ray           Conj           ####..       1%          2    #......
c - Dazzling Spray        Conj/Hex       ###.....     12%         3    ##.....
d - Iskenderun's Mystic   Conj           ####....     12%         4    ####...


Dungeon Overview and Level Annotations

Branches:
Dungeon (4/15)
 Temple: D:4-7

Altars:
Fedhas
Okawaru


Message History

You kill the kobold!
* * * LOW HITPOINT WARNING * * *
You feel sick.
* * * LOW HITPOINT WARNING * * *
You feel sick.
You aren't carrying any potions.
* * * LOW HITPOINT WARNING * * *
You feel sick.
You see here 4 poisoned needles.
* * * LOW HITPOINT WARNING * * *
You feel sick.
Things that are here:
a hand axe; a scale mail; an orc corpse
* * * LOW HITPOINT WARNING * * *
You feel sick.
* * * LOW HITPOINT WARNING * * *
You feel sick.
* * * LOW HITPOINT WARNING * * *
You feel sick.
You die...

#....#......#.. .
###+##'####'###.#....#
.##...##..##...##.' ...+
..........+....'..#....#
.###..##+####(###'#....#
.####'#....)..(((.(....#
...'..+.....(.)........#
...#..#................#
..##..#...>.....@).####
..##..#.....#+###+##
..+...+.....
+###+##.....
...........# ..........
....... ...##+# #+##


There were no monsters in sight!

Vanquished Creatures
  An orc priest (D:4)
  Natasha (twice) (D:2)
  An adder (D:3)
  An ooze (D:1)
  3 worms
  A giant gecko (D:2)
  5 orcs
  8 bats
  8 hobgoblins
  4 jackals
  6 kobolds
  A quokka (D:3)
  A ball python (D:1)
  7 giant newts
  5 goblins
  5 rats
59 creatures vanquished.

Notes
Turn   | Place    | Note
--------------------------------------------------------------
     0 | D:1      | Vlagh the Deep Elf Conjurer began the quest for the Orb.
     0 | D:1      | Reached XP level 1. HP: 10/10 MP: 6/6
   232 | D:1      | Reached XP level 2. HP: 15/15 MP: 2/8
   287 | D:1      | Learned a level 2 spell: Searing Ray
   497 | D:1      | Reached skill level 5 in Conjurations
   986 | D:1      | Reached XP level 3. HP: 19/19 MP: 3/10
   991 | D:1      | Learned a level 3 spell: Dazzling Spray
  1890 | D:2      | Noticed Natasha
  1894 | D:2      | Killed Natasha
  1906 | D:2      | Reached XP level 4. HP: 24/24 MP: 2/12
  1912 | D:2      | Learned a level 4 spell: Iskenderun's Mystic Blast
  2189 | D:2      | Noticed Natasha
  2192 | D:2      | Killed Natasha
  3395 | D:3      | Found a blossoming altar of Fedhas.
  3397 | D:3      | Found an iron altar of Okawaru.
  3759 | D:3      | Reached skill level 6 in Conjurations
  4027 | D:4      | HP: 1/24 [poisoned by a kobold]
  4033 | D:4      | Reached XP level 5. HP: 10/28 MP: 7/14
  4040 | D:4      | HP: 1/28 [poisoned by a kobold]
  4041 | D:4      | Succumbed to a kobold's poison

Vault maps used:
D:1:      elethiomel_arrival_shortcut
D:2:      uniq_natasha
D:3:      gammafunk_temple_overflow_pools, first_bread, minmay_cupped
D:4:      black_bear_nest_1, grunt_temple_overflow_opulence, serial_shops,
          nicolae_shop_crystal, uniq_crazy_yiuf_cottage

Action                   |  1- 3 |  4- 6 || total
-------------------------+-------+-------++-------
 Cast: Magic Dart        |    63 |    35 ||    98
       Searing Ray       |     7 |     4 ||    11
       Dazzling Spray    |       |     3 ||     3
  Use: Potion            |       |     5 ||     5
  Eat: Chunk             |     3 |     2 ||     5
       Bread ration      |       |     1 ||     1
